 Dungeon Crawl Stone Soup version 0.22-a0-402-ga933591 (webtiles) character file.

9522 Sergey the Grappler (level 11, -5/66 HPs)
             Began as a Tengu Warper on May 7, 2018.
             Was an Elder of Cheibriados.
             Slain by an ice devil (19 damage)
             ... in an ice cave.
             The game lasted 01:08:47 (6480 turns).

Sergey the Grappler (Tengu Warper)                  Turns: 6480, Time: 01:08:48

Health: -5/66      AC:  5    Str: 24    XL:     11   Next: 47%
Magic:  10/15      EV: 32    Int: 22    God:    Cheibriados [****..]
Gold:   901        SH:  0    Dex: 28    Spells: 7/14 levels left

rFire    + . .     SeeInvis .     - Unarmed
rCold    . . .     Gourm    .   (no shield)
rNeg     + . .     Faith    .   B - +0 robe {MR+}
rPois    .         Spirit   .   c - +2 hat of Niwim {rN+ MR+}
rElec    .         Reflect  .   v - scarf {cloud immunity}
rCorr    .         Harm     .   A - +0 pair of gloves (curse)
MR       ++...                  (boots unavailable)
Stlth    ++........             (no amulet)
HPRegen  0.21/turn              t - +5 ring of dexterity
MPRegen  0.14/turn              u - +4 ring of evasion

@: flying quickly and evasively, very slow
A: beak, talons 3, fire resistance 1, wild magic 1, able to fly 1
a: Bend Time, Temporal Distortion, Slouch, Renounce Religion


You were in an ice cave.
You worshipped Cheibriados.
Cheibriados was greatly pleased with you.
You were not hungry.

You visited 4 branches of the dungeon, and saw 15 of its levels.
You also visited: Ossuary and Ice Cave.

You collected 901 gold pieces.

Inventory:

Hand Weapons
 b - a +1 trident of piercing
 k - a +0 blowgun
 C - a +0 hand crossbow
 F - the +2 mace "Bufaamu" {venom, Int+5, unknown}
   (You found it on level 6 of the Dungeon)

   It poisons the flesh of those it strikes.
   It affects your intelligence (+5).
Missiles
 x - 7 needles of paralysis
 z - 11 poisoned needles
Armour
 a - a +0 leather armour
 c - the +2 hat of Niwim (worn) {rN+ MR+}
   (You found it in an ice cave)

   It protects you from negative energy.
   It affects your resistance to hostile enchantments.
 d - a +0 ring mail
 r - a +0 large shield
 v - a scarf of cloud immunity (worn)
 A - a cursed +0 pair of gloves (worn)
 B - a +0 robe of magic resistance (worn)
 Q - a +0 cloak of cold resistance
Jewellery
 j - an uncursed ring of stealth
 t - a +5 ring of dexterity (left hand)
 u - a +4 ring of evasion (right hand)
 K - an uncursed amulet of guardian spirit
 P - an uncursed amulet of rage {unknown}
Wands
 n - a wand of paralysis (9)
 D - a wand of enslavement (9)
 H - a wand of polymorph (5)
 N - a wand of disintegration (12)
Scrolls
 h - 4 scrolls of amnesia
 l - 3 scrolls of remove curse {@r2}
 o - 2 scrolls of noise
 p - a scroll of fog
 w - a scroll of random uselessness
 y - 3 scrolls of teleportation
 E - a scroll of immolation {unknown}
 G - a scroll of enchant armour {unknown}
 I - 2 scrolls of magic mapping
 M - a scroll of acquirement {unknown}
Potions
 e - a potion of mutation
 g - 2 potions of haste
 i - 4 potions of brilliance
 m - a potion of lignification
 q - 5 potions of curing {@q2}
 s - 4 potions of cancellation
 J - a potion of agility
 L - 2 potions of ambrosia {unknown}
 O - a potion of might
Comestibles
 f - 17 rations


   Skills:
 + Level 6.6 Fighting
 - Level 1.0 Throwing
 - Level 1.1 Armour
 + Level 10.1 Dodging
 * Level 13.5 Unarmed Combat
 - Level 2.0 Spellcasting
 - Level 2.0 Hexes
 - Level 2.4 Translocations
 + Level 4.0 Invocations


You had 7 spell levels left.
You knew the following spells:

 Your Spells              Type           Power        Failure   Level  Hunger
b - Confusing Touch       Hex            ##....       10%         1    #......
e - Blink                 Tloc           N/A          12%         2    ##.....
i - Animate Skeleton      Necr           N/A          21%         1    #......
j - Apportation           Tloc           ###...       9%          1    #......
x - Shroud of Golubria    Chrm/Tloc      #.........   19%         2    ##.....


Dungeon Overview and Level Annotations

Branches:
Dungeon (11/15)            Temple (1/1) D:7            Lair (1/6) D:10
    Orc (2/2) D:10
    Elf: Orc:2

Altars:
Ashenzari
Cheibriados
Dithmenos
Elyvilon
Hepliaklqana
Okawaru
Qazlal
Trog
Uskayaw
Vehumet
Zin

Shops:
D:4 %

Annotations:
Orc:1 exclusion: 2 downstairs


Innate Abilities, Weirdness & Mutations

You have a beak for a mouth.
You have claws for feet.
You can fly.
Your flesh is heat resistant. (rF+)
Your spells are a little harder to cast, but a little more powerful.


Message History

Press: ? - help, Shift-Dir - straight line, f - ice devil
Aim: an ice devil (moderately wounded, confused, chance to defeat MR: 16%)
Okay, then.
Unknown command.
The ice devil seems less confused.
Casting: Confusing Touch (safe; 10% risk of failure)
Confirm with . or Enter, or press ? or * to list all spells.
Your hands begin to glow red.
The ice devil hits itself.
The ice devil hits you. The ice devil freezes you!
* * * LOW HITPOINT WARNING * * *
Unknown command.
You hit the ice devil but do no damage.
The ice devil appears confused.
You claw the ice devil.
You peck the ice devil, but do no damage.
You punch the ice devil!
The ice devil is moderately wounded.
The ice devil seems less confused.
The ice devil hits you.
* * * LOW HITPOINT WARNING * * *
The ice devil freezes you!!
You die...

###### ###....###
###........##
##....###....##
###@..###.###...#
##44####....##...#
#...##.....##..######
#..###............#.##
##...##...##.........#
##..§###########.....
#..§# ####.. ##44§ ###
#.§§ #


You could see 2 ice devils.

Vanquished Creatures
  2 two-headed ogres
  A cyclops (D:8)
  2 ice statues (IceCv)
  4 ice devils (IceCv)
  2 trolls (D:9)
  Grinder (D:4)
  A hippogriff (D:9)
  A wyvern (D:9)
  A spriggan (D:8)
  A human (shapeshifter) (D:8)
  A hungry ghost (D:7)
  Eustachio (D:5)
  2 wargs (D:10)
  A water moccasin (D:10)
  6 orc warriors
  2 black bears
  2 sky beasts
  An ice beast (D:6)
  A necrophage (D:10)
  A phantom (D:9)
  2 ogres
  3 centaurs
  2 big kobolds
  6 bullfrogs
  2 elf skeletons (D:5)
  A scorpion (D:10)
  3 howler monkeys
  7 wights
  A bullfrog zombie (D:7)
  A crimson imp (D:7)
  2 centaur zombies (Ossuary)
  2 quasits
  2 jellies
  3 human zombies
  10 orc priests
  2 hounds
  3 centaur skeletons
  Jessica (D:3)
  A human skeleton (D:5)
  10 orc wizards
  3 iguanas
  6 worker ants
  A big kobold zombie (Ossuary)
  A hound skeleton (D:10)
  2 mummies (Ossuary)
  Robin (D:4)
  A howler monkey zombie (D:6)
  A worker ant zombie (D:6)
  12 adders
  14 gnolls
  3 shadow imps
  6 white imps (IceCv)
  6 ufetubi (IceCv)
  An ooze (D:4)
  An adder skeleton (D:8)
  An adder zombie (Ossuary)
  A worm (D:2)
  A dart slug (D:2)
  5 leopard geckos
  39 orcs
  5 giant cockroaches
  18 goblins
  12 hobgoblins
  7 jackals
  3 quokkas
  9 bats
  7 frilled lizards
  A giant cockroach zombie (D:5)
  2 goblin zombies (Ossuary)
  10 hobgoblin zombies (Ossuary)
  A jackal zombie (Ossuary)
  24 kobolds
  7 kobold zombies (Ossuary)
  An orc skeleton (D:5)
  10 orc zombies
  A quokka skeleton (D:6)
  8 rats
330 creatures vanquished.

Vanquished Creatures (collateral kills)
  An adder (D:7)
  2 orcs (D:8)
3 creatures vanquished.

Vanquished Creatures (others)
  A reaper (IceCv)
  A black bear (D:8)
  A white imp (IceCv)
  2 ufetubi (IceCv)
  An orc (D:8)
6 creatures vanquished.

Grand Total: 339 creatures vanquished

Notes
Turn   | Place    | Note
-------+----------+-------------------------------------------
     0 | D:1      | Sergey the Tengu Warper began the quest for the Orb.
     0 | D:1      | Reached XP level 1. HP: 12/12 MP: 4/4
   131 | D:1      | Reached XP level 2. HP: 11/17 MP: 6/6
   225 | D:2      | Reached skill level 3 in Unarmed Combat
   236 | D:2      | Found a white marble altar of Elyvilon.
   248 | D:2      | Reached XP level 3. HP: 19/22 MP: 7/7
   254 | D:2      | Became a worshipper of Elyvilon the Healer
   296 | D:2      | Learned a level 2 spell: Blink
   299 | D:2      | Learned a level 2 spell: Shroud of Golubria
   554 | D:3      | Reached XP level 4. HP: 17/27 MP: 8/8
   629 | D:2      | Learned a level 1 spell: Apportation
   631 | D:2      | Learned a level 1 spell: Confusing Touch
   680 | D:2      | Reached skill level 4 in Unarmed Combat
   813 | D:2      | Gained mutation: You can fly. [Tengu growth]
   813 | D:2      | Reached XP level 5. HP: 16/32 MP: 9/9
   840 | D:3      | Reached * piety under Elyvilon
  1065 | D:2      | Found a hazy altar of Hepliaklqana.
  1152 | D:2      | Reached skill level 1 in Hexes
  1319 | D:3      | Reached XP level 6. HP: 35/37 MP: 7/10
  1465 | D:3      | Found a faded altar of an unknown god.
  1691 | D:4      | Reached ** piety under Elyvilon
  1693 | D:4      | Noticed Robin
  1756 | D:4      | Found Ypuidd's Food Shop.
  1786 | D:4      | Noticed Grinder
  1788 | D:4      | Paralysed by Grinder for 4 turns
  1797 | D:5      | Entered Level 5 of the Dungeon
  1920 | D:5      | Reached skill level 5 in Unarmed Combat
  1967 | D:5      | Found a sand-covered staircase.
  1981 | D:5      | Reached skill level 1 in Invocations
  1981 | D:5      | Reached XP level 7. HP: 29/42 MP: 11/11
  1986 | Ossuary  | Entered an ossuary
  2314 | D:5      | Reached skill level 6 in Unarmed Combat
  2499 | D:7      | Found a staircase to the Ecumenical Temple.
  2514 | Temple   | Entered the Ecumenical Temple
  2559 | Temple   | Fell from the grace of Elyvilon
  2559 | Temple   | Became a worshipper of Cheibriados the Contemplative
  2681 | D:4      | Reached XP level 8. HP: 48/48 MP: 7/12
  2775 | D:3      | Noticed Jessica
  2783 | D:3      | Killed Jessica
  2865 | D:2      | Gained mutation: Your flesh is heat resistant. (rF+) [potion of mutation]
  2865 | D:2      | Gained mutation: Your spells are a little harder to cast, but a little more powerful. [potion of mutation]
  3047 | D:4      | Killed Robin
  3073 | D:4      | Reached * piety under Cheibriados
  3095 | D:4      | Killed Grinder
  3095 | D:4      | Reached skill level 5 in Dodging
  3095 | D:4      | Reached skill level 7 in Unarmed Combat
  3178 | D:5      | Noticed Eustachio
  3208 | D:5      | Killed Eustachio
  3208 | D:5      | Reached skill level 5 in Fighting
  3440 | D:5      | Reached skill level 8 in Unarmed Combat
  3475 | D:6      | Learned a level 1 spell: Animate Skeleton
  3542 | D:6      | Reached XP level 9. HP: 54/54 MP: 8/13
  3557 | D:6      | Reached skill level 9 in Unarmed Combat
  3657 | D:6      | Got a shimmering mace
  3706 | D:7      | Reached ** piety under Cheibriados
  3894 | D:7      | Reached skill level 10 in Unarmed Combat
  4223 | D:8      | Noticed a two-headed ogre
  4233 | D:8      | Killed a two-headed ogre
  4233 | D:8      | Reached skill level 11 in Unarmed Combat
  4237 | D:8      | Reached XP level 10. HP: 59/59 MP: 10/14
  4238 | D:8      | Noticed a cyclops
  4323 | D:8      | Killed a cyclops
  4501 | D:9      | Reached *** piety under Cheibriados
  4509 | D:9      | Reached skill level 12 in Unarmed Combat
  4569 | D:10     | Entered Level 10 of the Dungeon
  4569 | D:10     | Found a staircase to the Orcish Mines.
  4575 | Orc:1    | Entered Level 1 of the Orcish Mines
  4800 | Orc:2    | Entered Level 2 of the Orcish Mines
  4811 | Orc:2    | Noticed a cyclops
  5017 | D:10     | Reached **** piety under Cheibriados
  5283 | D:9      | Noticed a two-headed ogre
  5295 | D:9      | Killed a two-headed ogre
  5301 | D:9      | Reached XP level 11. HP: 61/64 MP: 0/15
  5447 | D:9      | Reached skill level 13 in Unarmed Combat
  5456 | D:9      | Reached ***** piety under Cheibriados
  5978 | D:10     | Found a staircase to the Lair.
  6055 | Lair:1   | Entered Level 1 of the Lair of Beasts
  6059 | Lair:1   | Found a frozen archway.
  6066 | IceCv    | Entered an ice cave
  6252 | IceCv    | Reached skill level 10 in Dodging
  6431 | IceCv    | Killed a reaper
  6433 | IceCv    | Got an encrusted hat
  6441 | IceCv    | Identified the +2 hat of Niwim {rN+ MR+} (You found it in an ice cave)
  6480 | IceCv    | Slain by an ice devil

Vault maps used:
D:1:      nagdon_arrival_double_spiral, st_stairs_5, minmay_misc_feat_hallway
D:2:      lemuel_coloured_pillars_altar, first_ration, elyvilon_altar_1
D:3:      chequers_ecumenical_altar_grove, kennysheep_generic_room_8,
          uniq_jessica
D:4:      serial_shops, shop, kennysheep_flooded_box, grunt_decor_fettered,
          uniq_robin, uniq_grinder
D:5:      nicolae_ossuary_entry_catacombs, kennysheep_small_circle,
          uniq_crazy_yiuf_cottage, uniq_eustachio
D:6:      minmay_misc_feat_rugged, minivault_24, hangedman_decor_points
D:7:      temple_pool_b, kennysheep_generic_room_5
D:8:      minmay_cornered_nines, the_bakery
D:10:     erik_lair_orcish_takeover, orc_0_dummy
Temple:   roderic_octagonal_lattice_temple
Lair:1:   portal_ice_cave_entry_pillars_2, grunt_megastairs_4,
          infiniplex_staircase_pool
Orc:2:    grunt_orc_cross, special_room
Ossuary:  ossuary_tomb_1
IceCv:    ice_cave_small_demon

Skill      XL: |  1  2  3  4  5  6  7  8  9 10 11 |
---------------+----------------------------------+-----
Unarmed Combat | 3 4 5 6 8 11 12 13 | 13.5
Dodging        | 3 4 6 8 9 10 | 10.1
Fighting       | 3 4 5 6 |  6.6
Hexes          | 1 2 |  2.0
Invocations    | 1 2 4 |  4.0
Throwing       | |  1.0
Armour         | |  1.1
Spellcasting   | |  2.0
Translocations | |  2.4

Action                   |  1- 3 |  4- 6 |  7- 9 | 10-12 || total
-------------------------+-------+-------+-------+-------++-------
Melee: Unarmed           |    64 |   224 |   409 |   291 ||   988
       Kick              |    17 |    68 |   174 |   152 ||   411
       Peck              |     2 |    29 |    98 |    93 ||   222
       Punch             |       |     5 |    14 |    33 ||    52
Throw: Tomahawk          |     5 |       |       |       ||     5
       Javelin           |       |     7 |    10 |     3 ||    20
 Cast: Blink             |     3 |     1 |       |       ||     4
       Confusing Touch   |       |    23 |    55 |    40 ||   118
       Apportation       |       |       |    13 |    30 ||    43
       Animate Skeleton  |       |       |     2 |       ||     2
Invok: Lesser Healing    |       |       |     3 |       ||     3
       Slouch            |       |       |       |     3 ||     3
 Abil: Fly               |       |     8 |    20 |    23 ||    51
Evoke: Wand              |       |       |     5 |     6 ||    11
  Use: Potion            |     2 |       |     4 |     4 ||    10
       Scroll            |       |     7 |     8 |     5 ||    20
 Stab: Sleeping          |     2 |     2 |     4 |     6 ||    14
       Confused          |       |     7 |    26 |    27 ||    60
       Distracted        |       |     1 |       |       ||     1
       Betrayed ally     |       |       |     1 |       ||     1
  Eat: Chunk             |       |     6 |     4 |     6 ||    16
       Ration            |       |       |     2 |     1 ||     3
Armor: Leather armour    |    34 |    15 |    26 |     3 ||    78
       Skin              |       |       |     1 |     6 ||     7
       Robe              |       |       |       |     6 ||     6
Dodge: Dodged            |    65 |   125 |   269 |   234 ||   693

Table legend:
 A = Spawn XP
 B = Non-spawn XP
 C = Spawn XP percentage of total XP
 D = Spawn monster count
 E = Non-spawn monster count
 F = Spawn count percentage of total count
 G = Total turns spent on level
                    A         B        C        D         E        F      G
               +---------+---------+-------+---------+---------+-------+---------
         Total |       0 |   13603 |   0.0 |       0 |     334 |   0.0 |  6480
               +---------+---------+-------+---------+---------+-------+---------
           D:1 |       0 |      29 |   0.0 |       0 |      19 |   0.0 |   407
           D:2 |       0 |     138 |   0.0 |       0 |      36 |   0.0 |   710
           D:3 |       0 |     320 |   0.0 |       0 |      38 |   0.0 |   672
           D:4 |       0 |     541 |   0.0 |       0 |      30 |   0.0 |   558
           D:5 |       0 |     651 |   0.0 |       0 |      19 |   0.0 |   548
           D:6 |       0 |     719 |   0.0 |       0 |      22 |   0.0 |   451
           D:7 |       0 |    1396 |   0.0 |       0 |      19 |   0.0 |   503
           D:8 |       0 |    1880 |   0.0 |       0 |      17 |   0.0 |   428
           D:9 |       0 |    3142 |   0.0 |       0 |      38 |   0.0 |   479
          D:10 |       0 |    1471 |   0.0 |       0 |      24 |   0.0 |   565
          D:11 |       0 |     116 |   0.0 |       0 |       2 |   0.0 |    25
         Orc:1 |       0 |     551 |   0.0 |       0 |      11 |   0.0 |   310
         Orc:2 |       0 |      50 |   0.0 |       0 |       4 |   0.0 |    22
       Ossuary |       0 |     269 |   0.0 |       0 |      37 |   0.0 |   315
         IceCv |       0 |    2330 |   0.0 |       0 |      18 |   0.0 |   414
               +---------+---------+-------+---------+---------+-------+---------
